 Dungeon Crawl Stone Soup version 0.17.0-9-g801d43b (webtiles) character file.

191 Leibowitz the Cutter (level 6, -1/36 HPs)
             Began as a Kobold Gladiator on Nov 10, 2015.
             Killed from afar by benitares's ghost (5 damage)
             ... with a rocky blast
             ... on level 3 of the Dungeon.
             The game lasted 00:08:26 (2693 turns).

Leibowitz the Cutter (Kobold Gladiator)             Turns: 2693, Time: 00:08:26

Health: -1/36      AC:  4    Str: 13    XL:     6   Next: 2%
Magic:  6/6        EV: 17    Int: 11    God:
Gold:   112        SH:  0    Dex: 19    Spells: 0 memorised, 5 levels left

rFire  . . .     SeeInvis .     a - +0 rapier
rCold  . . .     Clarity  +     b - +0 leather armour
rNeg   . . .     SustAt   .     (shield restricted)
rPois  +         Gourm    .     c - +0 helmet
rElec  .         Spirit   .     (no cloak)
rCorr  .         Warding  .     (no gloves)
rMut   .         Stasis   .     (no boots)
MR     .....                    r - amulet of clarity
Stlth  +++.......               y - +5 ring of intelligence
                                g - ring of poison resistance

@: not resistant to hostile enchantments, fairly stealthy
A: carnivore 3
a: no special abilities


You were on level 3 of the Dungeon.
You were completely stuffed.

You visited 1 branch of the dungeon, and saw 3 of its levels.

You collected 112 gold pieces.

Inventory:

Hand Weapons
 a - a +0 rapier (weapon)
Missiles
 d - 3 throwing nets (quivered)
 i - 2 needles of confusion
 s - 11 poisoned needles
Armour
 b - a +0 leather armour (worn)
 c - a +0 helmet (worn)
Jewellery
 g - a ring of poison resistance (left hand)
 r - an amulet of clarity (around neck)
 y - a +5 ring of intelligence (right hand)
Scrolls
 f - a scroll of remove curse
Potions
 l - 2 potions of lignification
Comestibles
 e - 2 meat rations
 j - 2 beef jerkies
 k - a slice of pizza


   Skills:
 + Level 2.6 Fighting
 + Level 5.6 Short Blades
 + Level 2.7 Throwing
 + Level 1.3 Armour
 + Level 4.4 Dodging
 * Level 3.3 Stealth


You had 5 spell levels left.
You didn't know any spells.

Dungeon Overview and Level Annotations

Branches:
Dungeon (3/15)

Altars:

Annotations:
D:3 benitares's ghost, amateur DEEE


Innate Abilities, Weirdness & Mutations

You are small and have problems with some larger weapons.
You are carnivorous and can eat meat at any time.


Message History

The orc priest casts a cantrip, but nothing happens.
Benitares's ghost shouts, "What do you have that I didn't have?"
The orc wizard gestures at you while chanting.
The magic dart hits you!
* * * LOW HITPOINT WARNING * * *
Benitares's ghost casts a spell at you. The stone arrow misses you.
The stone arrow hits the adder.
The adder dies!
The orc wizard gestures at you while chanting.
The magic dart hits you!
* * * LOW HITPOINT WARNING * * *
The orc wizard mumbles some strange words.
The orc wizard blinks!
Benitares's ghost points at you and mumbles some strange words.
The rocky blast misses you.
The orc wizard casts a spell.
The orc wizard blinks!
Benitares's ghost points at you and mumbles some strange words.
The rocky blast hits you!
You die...

#.# #######.###
#....<.>... #.####W†...
**.***#..###
*#####..,,*#..##
########.......*,*#...#*
#.......................
#.≈≈≈≈≈@≈≈≈≈≈.≈≈≈≈≈.≈≈≈≈
#.≈###≈.≈###≈.≈###≈.≈###
#.≈# #≈W≈# *≈.≈* #≈.≈# *
#.≈###≈.≈###≈.≈**#≈5≈#**
#.≈≈≈≈≈o≈≈≈≈≈.≈≈≈≈≈.≈≈≈≈
#o§.K..........,,.....,,
##.≈≈≈≈≈.≈≈≈≈≈.≈≈≈≈≈,≈≈≈≈
#..≈###≈.≈###≈.≈***≈,≈***
#(.≈# #≈.≈# *≈.≈* *≈,≈* *


You could see an orc priest, benitares's ghost and a kobold.

Vanquished Creatures
  An orc wizard (D:3)
  2 gnolls (D:3)
  6 adders
  2 worms (D:2)
  8 orcs
  A giant cockroach (D:2)
  12 hobgoblins
  2 ball pythons
  9 bats
  2 giant geckos
  A giant newt (D:2)
  10 goblins
  3 jackals (D:2)
  9 kobolds
  11 rats
79 creatures vanquished.

Vanquished Creatures (others)
  An adder (D:3)
1 creature vanquished.

Grand Total: 80 creatures vanquished

Notes
Turn   | Place    | Note
--------------------------------------------------------------
     0 | D:1      | Leibowitz the Kobold Gladiator began the quest for the Orb.
     0 | D:1      | Reached XP level 1. HP: 12/12 MP: 1/1
   215 | D:1      | Reached XP level 2. HP: 12/18 MP: 2/2
   464 | D:1      | Reached skill level 1 in Stealth
   678 | D:2      | Reached XP level 3. HP: 22/22 MP: 3/3
  1070 | D:2      | Reached skill level 5 in Short Blades
  1216 | D:2      | Reached XP level 4. HP: 20/27 MP: 4/4
  1871 | D:3      | Noticed benitares's ghost (amateur DEEE)
  2045 | D:3      | Found a faded altar to an unknown god.
  2083 | D:3      | Reached XP level 5. HP: 29/31 MP: 5/5
  2301 | D:3      | Reached skill level 1 in Armour
  2671 | D:3      | Reached XP level 6. HP: 29/36 MP: 6/6
  2693 | D:3      | Killed from afar by benitares's ghost

Action                   |  1- 3 |  4- 6 || total
-------------------------+-------+-------++-------
Melee: Rapier            |    89 |   158 ||   247
Throw: Throwing net      |     2 |     4 ||     6
  Use: Scroll            |       |    10 ||    10
       Potion            |       |     6 ||     6
 Stab: Sleeping          |     5 |     2 ||     7
       Held in net/web   |     1 |     2 ||     3
  Eat: Chunk             |     8 |     6 ||    14
